 Dungeon Crawl Stone Soup version 0.31-a0-190-g4feb4907b2 (webtiles) character file.

Game seed: 9892867689556912385

591 qw the Skirmisher (level 7, 0/40 HPs)
             Began as a Deep Elf Hunter on June 23, 2023.
             Slain by a crimson imp (1 damage)
             ... summoned by Eustachio
             ... on level 5 of the Dungeon.
             The game lasted 00:01:26 (3977 turns).

qw the Skirmisher (Deep Elf Hunter)                 Turns: 3977, Time: 00:01:26

Health: 0/40       AC: 12    Str: 10    XL:     7   Next: 16%
Magic:  9/9        EV: 11    Int: 14    God:
Gold:   266        SH:  0    Dex: 18    Spells: 6/6 levels left

rFire   + . .        Y - +0 shortbow
rCold   . . .        (shield currently unavailable)
rNeg    . . .        l - +0 ring mail
rPois   +            g - +0 helmet
rElec   .            j - +2 cloak
rCorr   .            m - +2 pair of gloves
SInv    .            (no boots)
Will    .....        (no amulet)
Stlth   +            i - ring of protection from fire
HPRegen 0.26/turn    e - ring of poison resistance
MPRegen 0.11/turn

%: no passive effects
@: no status effects
A: no striking features
a: no special abilities


You were on level 5 of the Dungeon.
You visited 1 branch of the dungeon, and saw 5 of its levels.

You collected 266 gold pieces.


   Skills:
 - Level 2.0 Fighting
 + Level 10.5 Ranged Weapons
 - Level 1.3 Armour
 - Level 3.4 Dodging
 - Level 1.2 Stealth


You had 6 spell levels left.
You didn't know any spells.
Your spell library was empty.

Inventory:

Hand Weapons
 Y - a +0 shortbow (weapon)
Armour
 g - a +0 helmet (worn)
 j - a +2 cloak (worn)
 l - a +0 ring mail (worn)
 m - a +2 pair of gloves (worn)
Jewellery
 d - a ring of ice
 e - a ring of poison resistance (right hand)
 i - a ring of protection from fire (left hand)
 p - an amulet of faith
Scrolls
 o - a scroll of identify
Potions
 a - a potion of degeneration {unknown}
 c - 2 potions of curing
 f - a potion of enlightenment {unknown}
 h - a potion of haste {unknown}
 k - a potion of berserk rage {unknown}
 n - a potion of ambrosia {unknown}

Dungeon Overview and Level Annotations

Branches:
Dungeon (5/15)
 Temple: D:4-7

Altars:

Annotations:
D:5 Eustachio


Message History

The rat barely misses you. The river rat barely misses you. x2
The crimson imp hits you but does no damage.
Eustachio hits you with a +0 falchion.
You shoot an arrow. The arrow hits Eustachio!
Eustachio is almost dead.
The quokka bites you but does no damage.
The rat bites you but does no damage. The river rat barely misses you.
The river rat bites you. The crimson imp closely misses you.
The quokka closely misses you. Eustachio hits you with a +0 falchion.
You shoot an arrow. The arrow closely misses Eustachio.
The rat barely misses you.
The quokka bites you but does no damage.
The river rat barely misses you. x2; The crimson imp barely misses you.
You shoot an arrow.
The arrow hits Eustachio but does no damage.
Eustachio is almost dead.
Eustachio casts a spell.
The quokka bites you but does no damage.
The rat closely misses you.
The river rat bites you but does no damage.
The river rat barely misses you.
You shoot an arrow. The arrow closely misses Eustachio.
The iron imp disappears in a puff of smoke!
Eustachio hits you with a +0 falchion.
The quokka bites you but does no damage.
The rat closely misses you. The river rat closely misses you.
The river rat bites you! The crimson imp closely misses you.
The crimson imp blinks!
Eustachio closely misses you.
You shoot an arrow. The arrow completely misses Eustachio.
The quokka barely misses you. The rat closely misses you.
The river rat bites you but does no damage.
The river rat bites you. The crimson imp closely misses you.
You shoot an arrow. The arrow barely misses Eustachio.
The quokka barely misses you. Eustachio hits you but does no damage.
The rat bites you but does no damage. The river rat bites you.
The river rat bites you but does no damage.
The quokka barely misses you.
The shadow imp hits you but does no damage.
The crimson imp hits you.
You die...

....##..... ..#.##
...#..... ...... .......
...... .. #..... ......#
.. ##.<... .....##
#.#####...... .
.)..####..##.#......
#.##.5r.#..<..........
.#.#5r@5ยค#....##..%..#.
......rr@.....###..#####
#..............##...###
...........##.........##
.........####...#.###..#
..........##...### #...#
..........##... ##...
#..........#.# . ####
###[.........# #. #..


You could see Eustachio, 2 crimson imps, 2 river rats, a shadow imp (summoned),
a quokka (summoned) and a rat (summoned).

Vanquished Creatures
  An ogre (D:4)
  A phantom (D:5)
  3 scorpions
  2 hounds
  An iguana (D:5)
  7 adders
  An ufetubus (D:5)
  A worm (D:2)
  4 dart slugs
  2 orcs (D:5)
  10 endoplasms
  6 giant cockroaches
  10 hobgoblins
  2 jackals (D:1)
  6 kobolds
  6 quokkas
  5 ball pythons
  7 bats
  5 frilled lizards
  9 goblins
  5 rats
94 creatures vanquished.

Notes
Turn   | Place    | Note
-------+----------+-------------------------------------------
     0 | D:1      | qw the Deep Elf Hunter began the quest for the Orb.
     0 | D:1      | Reached XP level 1. HP: 12/12 MP: 3/3
     0 | D:1      | 0 ||| qw: Version: 0.3-a-9-g12657ce
     0 | D:1      | 0 ||| qw: Game counter: 4513
     0 | D:1      | 0 ||| qw: Always use a shield: true
     0 | D:1      | 0 ||| qw: God list: Okawaru
     0 | D:1      | 0 ||| qw: Allow faded altars: false
     0 | D:1      | 0 ||| qw: Do Orc after D:15 true
     0 | D:1      | 0 ||| qw: Do second Lair branch before Depths: true
     0 | D:1      | 0 ||| qw: Lair rune preference: random
     0 | D:1      | 0 ||| qw: Plans: Normal
     0 | D:1      | 0 ||| PLANNING D:1-11
   194 | D:1      | Reached skill level 6 in Ranged Weapons
   194 | D:1      | Reached XP level 2. HP: 16/16 MP: 4/4
   766 | D:1      | Reached XP level 3. HP: 20/20 MP: 5/5
   848 | D:1      | 848 ||| UPGRADING to +0 helmet.
   853 | D:1      | 853 ||| UPGRADING to +2 cloak.
   858 | D:1      | 858 ||| UPGRADING to +0 ring mail.
   868 | D:1      | 868 ||| DROPPING +0 leather armour.
   869 | D:1      | 869 ||| READING scroll labelled DOXZAFR XUGE.
   870 | D:1      | 870 ||| READING scroll labelled WOGIXALUEWN.
   871 | D:1      | 871 ||| READING scroll labelled WER KAEDDATES.
   972 | D:1      | 972 ||| READING scroll labelled ELOF GITEBA.
   973 | D:1      | 973 ||| READING scroll labelled OMIDES OTZA.
   974 | D:1      | 974 ||| DROPPING scroll of butterflies.
  1178 | D:2      | Reached skill level 7 in Ranged Weapons
  1446 | D:2      | Reached XP level 4. HP: 25/25 MP: 6/6
  1924 | D:2      | 1924 ||| DRINKING 2 yellow potions.
  2048 | D:3      | Reached skill level 8 in Ranged Weapons
  2250 | D:3      | 2250 ||| UPGRADING to ring of protection from fire.
  2251 | D:3      | 2251 ||| READING scroll labelled WOJUITZE MOMUIKH.
  2252 | D:3      | 2252 ||| READING scroll labelled VAOXABLEADAU.
  2253 | D:3      | 2253 ||| READING scroll labelled MESKALESEB.
  2370 | D:3      | 2370 ||| DRINKING 2 amethyst potions.
  2393 | D:3      | Reached XP level 5. HP: 23/29 MP: 7/7
  2578 | D:3      | 2578 ||| READING scroll labelled FIOLUIPRATH.
  2959 | D:4      | Noticed an ogre
  2966 | D:4      | Killed an ogre
  2967 | D:4      | Reached skill level 9 in Ranged Weapons
  3314 | D:4      | Reached XP level 6. HP: 34/35 MP: 8/8
  3382 | D:4      | Reached skill level 1 in Armour
  3668 | D:4      | 3668 ||| UPGRADING to +2 pair of gloves.
  3673 | D:4      | 3673 ||| UPGRADING to ring of poison resistance.
  3674 | D:4      | 3674 ||| READING scroll labelled WAYGHA KIASS.
  3700 | D:5      | Entered Level 5 of the Dungeon
  3719 | D:5      | Reached skill level 10 in Ranged Weapons
  3840 | D:5      | Reached skill level 3 in Dodging
  3840 | D:5      | Reached XP level 7. HP: 40/40 MP: 9/9
  3860 | D:5      | 3860 ||| FLEEEEING.
  3929 | D:5      | Noticed Eustachio
  3966 | D:5      | HP: 7/40 [Eustachio/+0 falchion (6)]
  3967 | D:5      | 3967 ||| DRINKING potion of heal wounds.
  3976 | D:5      | HP: 7/40 [river rat[Eustachio] (5)]
  3977 | D:5      | HP: 1/40 [river rat[Eustachio] (6)]
  3977 | D:5      | Slain by a crimson imp

Levels and vault maps discovered:
D:1:      lemuel_arrival_room, layout_loops_corners, nrook_mini_vaults,
          serial_bayou_lagoon_a
D:2:      layout_loops_corners, minmay_stone_trees_small,
          minmay_strange_pillars, nicolae_eternal_life
D:3:      layout_loops_ring, kennysheep_generic_room_7
D:4:      layout_layer_cave
D:5:      layout_cave_pools, mainiacjoe_overflow_alcove_2, temple_doors_e,
          uniq_crazy_yiuf_cottage, uniq_eustachio

Skill      XL: |  1  2  3  4  5  6 |
---------------+-------------------+-----
Ranged Weapons | 6 7 8 9 10 | 10.5
Fighting       | 2 |  2.0
Armour         | 1 |  1.3
Dodging        | 3 |  3.4
Stealth        | |  1.2

Action                     |  1- 3 |  4- 6 |  7- 9 || total
---------------------------+-------+-------+-------++-------
   Fire: Shortbow          |   133 |   142 |    69 ||   344
    Use: Scroll            |     5 |     5 |       ||    10
         Potion            |       |     2 |     1 ||     3
 Armour: Leather armour    |     2 |       |       ||     2
         Ring mail         |    26 |    42 |    71 ||   139
  Dodge: Dodged            |    45 |    48 |    98 ||   191

Table legend:
 A = Non-vault XP
 B = Vault XP
 C = Vault XP percentage of total XP
 D = Non-vault monster count
 E = Vault monster count
 F = Vault count percentage of total count
                 A         B        C        D         E       F
            +---------+---------+-------+---------+---------+-------
      Total |     842 |       3 |   0.4 |      92 |       2 |   2.1
            +---------+---------+-------+---------+---------+-------
        D:1 |      41 |       0 |   0.0 |      27 |       0 |   0.0
        D:2 |      74 |       0 |   0.0 |      25 |       0 |   0.0
        D:3 |      85 |       3 |   3.4 |      19 |       2 |   9.5
        D:4 |     269 |       0 |   0.0 |      10 |       0 |   0.0
        D:5 |     373 |       0 |   0.0 |      11 |       0 |   0.0
            +---------+---------+-------+---------+---------+-------
